 Dungeon Crawl Stone Soup version 0.28.0-53-g5a82cb258f (webtiles) character file.

Game seed: 11737991608660254144

90067 jjjjhere the Eclecticist (level 15, 0/119 (121) HPs)
             Began as a Purple Draconian Conjurer on Aug 6, 2022.
             Was a High Priest of Ru.
             Slain by a ghost moth (12 damage)
             ... on level 3 of the Lair of Beasts on Aug 7, 2022.
             The game lasted 01:26:51 (45353 turns).

jjjjhere the Eclecticist (DrCj)                    Turns: 45353, Time: 01:26:52

HP:   0/119 (121)   AC: 15    Str:  9 (11) XL:     15   Next: 51%
MP:   1/34          EV:  9    Int: 28 (30) God:    Ru [*****.]
Gold: 174           SH: 17    Dex:  8      Spells: 16/44 levels left

rFire   + . .      SeeInvis .   W - +8 hand crossbow of Fephoest {elec, rN++ Int+3 Stlth+, !a}
rCold   + + +      Faith    .   J - +0 kite shield
rNeg    + + +      Spirit   .   (armour unavailable)
rPois   .          Reflect  +   E - +1 hat
rElec   +          Harm     .   t - +2 cloak
rCorr   .          Rampage  +   x - +0 pair of gloves
Will    ++...                   G - +0 pair of boots of Kindness {rElec rN+}
Stlth   ..........              S - amulet "Dimochupp" {Reflect Rampage rC+ SH+5}
HPRegen 0.29/turn               R - ring of Birdsong {Fly rF+ rC++ Int+3}
MPRegen 0.24/turn               l - +4 ring of evasion

@: exhausted, flying, lightly drained
A: breathe power, AC +9, unfitting armour, clumsy 1, cold-blooded, no stealth,
hated by all, no necromancy magic, no poison magic, no transmutations magic,
reduced EV 1, missing an eye
a: Breathe Dispelling Energy, Renounce Religion, Draw Out Power, Power Leap,
Apocalypse


You were on level 3 of the Lair of Beasts.
You worshipped Ru.
Ru was extremely pleased with you.
You visited 6 branches of the dungeon, and saw 25 of its levels.

You collected 2106 gold pieces.
You spent 1932 gold pieces at shops.

Inventory:

Hand Weapons
 T - the +10 trident of Success {flame, Str+5, !a}
   (You bought it in a shop on level 2 of the Dungeon)

   It burns those it strikes, dealing additional fire damage.
   Str:       It affects your strength (+5).
 W - the +8 hand crossbow of Fephoest (weapon) {elec, rN++ Int+3 Stlth+, !a}
   (You bought it in a shop on level 2 of the Dungeon)

   Any ammunition fired from it occasionally discharges a powerful burst of
   electricity upon striking a foe.
   Int:       It affects your intelligence (+3).
   rN:        It greatly protects you from negative energy.
   Stlth:     It makes you more stealthy.
Missiles
 c - 47 poisoned darts (quivered)
 F - 13 curare-tipped darts
 X - 113 bolts (quivered ammo)
Armour
 j - an orb of wrath
 t - a +2 cloak (worn)
 x - a +0 pair of gloves (worn)
 E - a +1 hat (worn)
 G - the +0 pair of boots of Kindness (worn) {rElec rN+}
   (You found it on level 8 of the Dungeon)

   rElec:     It insulates you from electricity.
   rN:        It protects you from negative energy.
 H - a +0 tower shield
 J - a +0 kite shield (worn)
Jewellery
 g - a +6 ring of strength
 i - a ring of willpower
 l - a +4 ring of evasion (right hand)
 p - a ring of positive energy
 u - a ring of ice
 y - a ring of magical power
 z - a ring of protection from cold
 M - a ring of poison resistance
 R - the ring of Birdsong (left hand) {Fly rF+ rC++ Int+3}
   (You bought it in a shop on level 2 of the Orcish Mines)

   [ring of flight]

   Int:       It affects your intelligence (+3).
   rF:        It protects you from fire.
   rC:        It greatly protects you from cold.
   Fly:       It grants you flight.
 S - the amulet "Dimochupp" (around neck) {Reflect Rampage rC+ SH+5}
   (You bought it in a shop on level 2 of the Orcish Mines)

   [amulet of reflection]

   It reflects blocked missile attacks.
   rC:        It protects you from cold.
   SH:        It affects your SH (+5).
   Rampage:   It bestows one free step when moving towards enemies.
Wands
 f - a wand of iceblast (13)
 s - a wand of acid (18)
 v - a wand of mindburst (6)
 A - a wand of paralysis (10)
 B - a wand of flame (44)
 K - a wand of polymorph (7)
Scrolls
 d - 2 scrolls of fog
 w - a scroll of brand weapon
 I - 3 scrolls of acquirement {unknown}
 N - a scroll of fear
 Q - 4 scrolls of teleportation
 U - 4 scrolls of magic mapping
 Z - a scroll of blinking
Potions
 a - 8 potions of curing
 b - 6 potions of mutation
 e - 4 potions of lignification
 h - 2 potions of degeneration
 k - 4 potions of ambrosia
 m - 3 potions of attraction
 n - 2 potions of heal wounds
 o - 2 potions of might
 q - 2 potions of flight
 r - 2 potions of haste
 C - a potion of brilliance {unknown}
 D - a potion of experience {unknown}
 O - a potion of berserk rage {unknown}
 V - a potion of cancellation {unknown}
 Y - a potion of magic {unknown}
Miscellaneous
 L - a tin of tremorstones (1/2)
 P - a piece from Xom's chessboard (15/15)


   Skills:
 - Level 8.0 Fighting
 - Level 1.7 Dodging
 + Level 14.1 Shields
 - Level 15.3 Spellcasting
 - Level 12.9 Conjurations
 - Level 2.6 Hexes
 - Level 5.6 Fire Magic
 * Level 12.6 Ice Magic
 - Level 4.0 Evocations


You had 16 spell levels left.
You knew the following spells:

 Your Spells              Type           Power      Damage    Failure   Level
a - Magic Dart            Conj           100%       1d8       1%          1
b - Searing Ray           Conj           100%       2d8       1%          2
c - Fulminant Prism       Conj/Hex       30%        3d16      1%          4
d - Flame Wave            Conj/Fire      65%        2d12      1%          4
e - Iskenderun's Mystic   Conj/Tloc      55%        2d12      3%          4
f - Ozocubu's Armour      Ice            75%        N/A       1%          3
g - Ozocubu's Refrigerat  Ice            37%        4d12      21%         7
h - Frozen Ramparts       Ice            100%       1d12      1%          3

Your spell library contained the following spells:

 Spells                   Type           Power      Damage    Failure   Level
 Foxfire                  Conj/Fire      100%       2x1d9     1%          1
 Conjure Flame            Conj/Fire      65%        6-21      1%          3
 Dazzling Flash           Conj/Hex       100%       N/A       1%          3
 Inner Flame              Hex/Fire       44%        N/A       2%          3
 Cause Fear               Hex            18%        N/A       14%         4
 Discord                  Hex            18%        N/A       100%        8
 Ice Form                 Ice/Tmut       Unusable   N/A       N/A         4
 Summon Ice Beast         Ice/Summ       Unusable   N/A       N/A         4
 Beastly Appendage        Tmut           Unusable   N/A       N/A         1
 Sting                    Tmut/Pois      Unusable   1d7       N/A         1
 Poisonous Vapours        Pois/Air       Unusable   N/A       N/A         2
 Wereblood                Tmut           Unusable   N/A       N/A         2
 Spider Form              Tmut/Pois      Unusable   N/A       N/A         3
 Olgreb's Toxic Radiance  Pois           Unusable   N/A       N/A         4

Dungeon Overview and Level Annotations

Branches:
Dungeon (14/15)            Temple (1/1) D:6            Lair (6/6) D:8
  Swamp (1/4) Lair:3       Spider (1/4) Lair:3        Slime (0/5) Lair:6
    Orc (2/2) D:10            Elf (0/3) Orc:2        Vaults (0/5) D:13

Altars:
Ashenzari
Cheibriados
Dithmenos
Elyvilon
Fedhas
Gozag
Hepliaklqana
Kikubaaqudgha
Makhleb
Nemelex Xobeh
Okawaru
Qazlal
Ru
Sif Muna
Trog
Uskayaw
Vehumet
Wu Jian
Xom
Yredelemnul
Zin
The Shining One
Beogh
Jiyva

Shops:
D:2 (   D:13 [   D:14 *   Orc:2 =*==

Annotations:
D:9 exclusion: ugly thing


Innate Abilities, Weirdness & Mutations

You can breathe bolts of dispelling energy.
Your rich purple scales are hard. (AC +9)
You cannot fit into any form of body armour.
You are clumsy. (Dex -2)
You are cold-blooded and may be slowed by cold attacks.
You cannot be stealthy.
You are hated by all.
You cannot study or cast Necromancy magic.
You cannot study or cast Poison magic.
You cannot study or cast Transmutations magic.
You have somewhat slow reflexes. (EV -5)
You are missing an eye, making it more difficult to aim.


Message History

Something hits you but does no damage.
Something stings you but does no damage.
Casting: Flame Wave (mildly dangerous; 1% risk of failure)
Confirm with . or Enter, or press ? or * to list all spells.
Casting: Flame Wave (mildly dangerous; 1% risk of failure)
Press: ? - help, Dir - look around, f - activate A wave of flame ripples out!
The flame wave engulfs the tarantella!
The tarantella is heavily wounded.
The flame wave engulfs something. (Press . to intensify the flame waves.)
You block the tarantella's attack. Something hits you.
Something hits you but does no damage.
Something stings you but does no damage.
The tarantella touches you but does no damage.
A wave of flame ripples out!
The flame wave engulfs the tarantella!
The tarantella is almost dead.
The flame wave engulfs something!
The tarantella touches you but does no damage.
Something hits you! Something hits you but does no damage.
Something stings you but does no damage.
A wave of flame ripples out!
The flame wave engulfs the tarantella!
You kill the tarantella!
The flame wave engulfs something!
You finish channelling waves of flame.
You feel you are being watched by something.
You feel your power leaking away. Something hits you!
* * * LOW HITPOINT WARNING * * *
Something hits you but does no damage.
Something stings you but does no damage.
All monsters which could be auto-targeted are covered by a wall or statue which interrupts your line of fire, even though it doesn't interrupt your line of sight.
Aiming: Power Leap
Press: ? - help, Dir - move target You feel you are being watched by something.
You feel your power leaking away.
You feel you are being watched by something.
You feel you are being watched by something.
Something hits you!
* * * LOW HITPOINT WARNING * * *
You block something's attack. Something stings you!
You die...

# ### #......###... # ##.#
##...#.#...... # #.##
#...####....P# #.## #..##
##...## ### ##..## #...#
##...P ####.####....# ##.##
##).# ##....#.###...#####..#
##.. ##.......###.....##...##
#.#.
.........†>.....@......#####
####
#....####.....###.<........###
## ....##
##...###.##..........###.
...## ##...####......#..#..##.
.###
####.#.....#......####..... ##
##..##.#......#.+#.####.....
##.......#.#+###.....##.+.+##
##.............#.....†##.....#
#..............#.......#......


There were no monsters in sight!

Vanquished Creatures
  Gastronok (D:9)
  An eleionoma (Swamp:1)
  A bunyip (Lair:3)
  A yaktaur captain (D:14)
  2 boulder beetles
  6 hydras
  A ghost crab (Swamp:1)
  5 catoblepae
  5 two-headed ogres
  A dancing weapon (D:13)
  3 centaur warriors
  Erica (D:8)
  9 death yaks
  An alligator (Swamp:1)
  7 orc high priests (Orc:2)
  A fire crab (Lair:5)
  A spriggan druid (Swamp:1)
  An orc knight (Orc:1)
  2 wolf spiders (Lair:3)
  2 deep elf pyromancers
  4 manticores
  5 cyclopes
  An ugly thing (D:14)
  An ice statue (D:12)
  7 black mambas
  10 elephants
  2 gargoyles
  3 torpor snails
  23 cane toads
  4 rime drakes
  Maggie (D:7)
  A freezing wraith (D:14)
  2 unseen horrors
  An efreet (D:14)
  13 komodo dragons
  A tengu conjurer (D:14)
  3 tyrant leeches
  2 hornets
  7 trolls
  6 polar bears
  3 meliai (D:13)
  2 tarantellas (Lair:3)
  5 slime creatures (D:11)
  Prince Ribbit (D:7)
  7 blink frogs
  9 dream sheep
  3 shadows
  3 wraiths
  63 yaks
  2 wyverns
  Grum (Lair:1)
  12 vampire mosquitoes
  6 basilisks
  2 steam dragons
  2 redbacks
  9 wargs
  2 swamp worms (Swamp:1)
  A two-headed ogre zombie (D:10)
  2 acid dragons
  15 water moccasins
  Duvessa (D:6)
  An ice beast (D:5)
  12 orc warriors
  2 sky beasts
  4 black bears
  15 wolves
  A boggart (D:14)
  2 necrophages
  8 ogres
  11 centaurs
  A phantom (D:10)
  4 kobold brigands
  2 gnoll sergeants
  15 bullfrogs
  A water moccasin zombie (D:5)
  A hornet simulacrum (D:14)
  A scorpion (D:5)
  Dowan (D:6)
  A water moccasin skeleton (D:5)
  6 killer bees (D:10)
  3 wights (D:7)
  2 howler monkeys (D:14)
  An electric eel (Lair:5)
  5 centaur zombies
  2 hounds
  40 orc priests
  A gnoll shaman (D:4)
  4 iguanas
  17 orc wizards
  8 hell rats (Lair:4)
  A killer bee zombie (D:7)
  7 ogre zombies (D:10)
  A howler monkey zombie (D:7)
  5 adders
  17 gnolls
  2 white imps
  3 dart slugs
  62 orcs
  6 bats
  5 endoplasms
  2 giant cockroaches
  2 goblins
  3 hobgoblins
  3 jackals (D:1)
  4 quokkas
  8 ball pythons
  3 frilled lizards
  A goblin skeleton (D:10)
  2 goblin zombies (D:10)
  3 hobgoblin skeletons (D:10)
  4 hobgoblin zombies (D:10)
  22 kobolds
  An orc skeleton (D:10)
  14 orc zombies (D:10)
  A quokka skeleton (D:4)
  7 rats
  A spectral orc (D:11)
  A fulminant prism (D:11)
663 creatures vanquished.

Vanquished Creatures (others)
  A bunyip (Lair:3)
  A hydra (Lair:3)
  A dancing weapon (D:13)
  A tengu warrior (D:14)
  A lindwurm (Lair:6)
  An ugly thing (D:14)
  A howler monkey (D:14)
  A hell rat (Lair:4)
  140 fulminant prisms
  49 fungi
  90 plants
287 creatures vanquished.

Grand Total: 950 creatures vanquished

Notes
Turn   | Place    | Note
-------+----------+-------------------------------------------
     0 | D:1      | jjjjhere the Draconian Conjurer began the quest for the
                  | Orb.
     0 | D:1      | Reached XP level 1. HP: 14/14 MP: 3/3
   170 | D:1      | Reached XP level 2. HP: 20/20 MP: 0/5
   321 | D:1      | Learned a level 2 spell: Searing Ray
  1115 | D:1      | Reached XP level 3. HP: 20/26 MP: 3/6
  1686 | D:2      | Reached skill level 5 in Conjurations
  1697 | D:2      | Found a faded altar of an unknown god.
  1893 | D:2      | Found Matwoq's Antique Weapon Shop.
  1968 | D:2      | Found an ornate altar of the Wu Jian Council.
  2659 | D:3      | Reached XP level 4. HP: 33/33 MP: 8/8
  2664 | D:3      | Reached skill level 3 in Spellcasting
  3511 | D:4      | Noticed a necrophage
  3519 | D:4      | Killed a necrophage
  3520 | D:4      | Reached XP level 5. HP: 38/38 MP: 4/10
  3813 | D:4      | Reached XP level 6. HP: 45/45 MP: 6/11
  4416 | D:5      | Entered Level 5 of the Dungeon
  4416 | D:5      | Noticed an ice beast
  4427 | D:5      | Killed an ice beast
  4428 | D:5      | Reached skill level 4 in Spellcasting
  4613 | D:5      | Your scales start taking on a rich purple colour.
  4613 | D:5      | Reached skill level 5 in Spellcasting
  4613 | D:5      | Reached XP level 7. HP: 50/50 MP: 10/14
  4631 | D:5      | Learned a level 4 spell: Fulminant Prism
  4731 | D:5      | Reached skill level 1 in Hexes
  5218 | D:5      | Reached skill level 6 in Spellcasting
  5273 | D:5      | Learned a level 4 spell: Flame Wave
  5306 | D:5      | HP: 16/50 [poisoned by a scorpion]
  5648 | D:5      | Reached skill level 1 in Fire Magic
  5648 | D:5      | Reached XP level 8. HP: 57/57 MP: 10/17
  5964 | D:6      | HP: 12/57 [ogre/+0 giant spiked club (27)]
  6254 | D:6      | Noticed Duvessa
  6271 | D:6      | Killed Duvessa
  6272 | D:6      | Noticed Dowan
  6298 | D:6      | Killed Dowan
  6509 | D:6      | Reached skill level 7 in Spellcasting
  6928 | D:6      | Found a staircase to the Ecumenical Temple.
  6969 | Temple   | Entered the Ecumenical Temple
  7368 | Temple   | Became a worshipper of Ru the Awakened
  7430 | D:6      | Identified the +5 plate armour "Giemm" {+Inv Will- rCorr
                  | Stlth+}
  7686 | D:7      | Noticed a hornet
  7816 | D:7      | Noticed Maggie
  7825 | D:7      | HP: 17/57 [Maggie/bolt of fire (24)]
  7826 | D:7      | Killed Maggie
  7827 | D:7      | Reached XP level 9. HP: 19/62 MP: 3/20
  8195 | D:7      | Reached skill level 8 in Spellcasting
  8378 | D:7      | Noticed Prince Ribbit
  8406 | D:7      | Killed Prince Ribbit
  8557 | D:7      | Reached skill level 5 in Fire Magic
  9229 | D:7      | Reached skill level 1 in Fighting
  9229 | D:7      | Reached skill level 9 in Spellcasting
  9433 | D:8      | Reached skill level 10 in Conjurations
  9607 | D:8      | Found a staircase to the Lair.
  9745 | D:8      | Identified the +0 pair of boots of Kindness {rElec rN+}
  9842 | D:8      | Found a blossoming altar of Fedhas.
  9887 | D:8      | Gained mutation: You are hated by all. [Ru sacrifice]
  9887 | D:8      | Reached * piety under Ru
  9995 | D:8      | Reached XP level 10. HP: 77/77 MP: 23/23
 10057 | D:8      | Noticed Erica
 10079 | D:8      | HP: 23/77 [something (3)]
 10187 | D:8      | Killed Erica
 10782 | Lair:1   | Entered Level 1 of the Lair of Beasts
 10785 | Lair:1   | Noticed a cane toad
 10790 | Lair:1   | Reached skill level 1 in Shields
 10790 | Lair:1   | Reached skill level 10 in Spellcasting
 10791 | Lair:1   | Noticed a cane toad
 10794 | Lair:1   | Killed a cane toad
 10795 | Lair:1   | HP: 23/78 [poisoned by a cane toad]
 11793 | D:9      | Noticed a red ugly thing
 12040 | D:9      | Noticed Gastronok
 12314 | D:9      | Killed Gastronok
 12315 | D:9      | Reached skill level 11 in Spellcasting
 12315 | D:9      | Reached XP level 11. HP: 50/84 MP: 7/26
 12500 | D:10     | Entered Level 10 of the Dungeon
 12710 | D:10     | Reached skill level 5 in Shields
 13110 | D:9      | Gained mutation: You are missing an eye, making it more
                  | difficult to aim. [Ru sacrifice]
 13110 | D:9      | Reached ** piety under Ru
 13249 | D:10     | You fall into a shaft and drop 2 floors!
 13273 | D:11     | HP: 5/84 [very large slime creature (51)]
 14314 | D:10     | Found a staircase to the Orcish Mines.
 14863 | Lair:1   | Reached skill level 12 in Spellcasting
 15155 | Lair:1   | Noticed Grum
 15218 | Lair:1   | Killed Grum
 15975 | Lair:1   | Reached XP level 12. HP: 87/91 MP: 19/28
 16637 | Lair:2   | Found a hide-covered altar of Uskayaw.
 16637 | Lair:2   | Found an ornate altar of the Wu Jian Council.
 16637 | Lair:2   | Noticed a boulder beetle
 16859 | Lair:1   | Gained mutation: You cannot study or cast Poison magic. [Ru
                  | sacrifice]
 16859 | Lair:1   | Gained mutation: You cannot study or cast Transmutations
                  | magic. [Ru sacrifice]
 16859 | Lair:1   | Gained mutation: You cannot study or cast Necromancy magic.
                  | [Ru sacrifice]
 16859 | Lair:1   | Reached *** piety under Ru
 16932 | Lair:2   | Reached skill level 1 in Evocations
 16995 | Lair:2   | Noticed a catoblepas
 17027 | Lair:2   | Killed a catoblepas
 17201 | Lair:2   | Noticed a four-headed hydra
 17216 | Lair:2   | Killed a four-headed hydra
 17217 | Lair:2   | Reached skill level 13 in Spellcasting
 17377 | Lair:2   | Killed a boulder beetle
 18022 | Lair:3   | Noticed a seven-headed hydra
 18032 | Lair:3   | Killed a seven-headed hydra
 18243 | Lair:3   | Found a hole to the Spider Nest.
 18288 | Lair:3   | Identified the +6 dagger of Extremism {flame, rF- rC+ Int+4
                  | Dex+4}
 18820 | Lair:3   | Noticed a four-headed hydra
 18829 | Lair:3   | Killed a four-headed hydra
 18830 | Lair:3   | Reached skill level 14 in Spellcasting
 19035 | Lair:3   | Noticed a catoblepas
 19047 | Lair:3   | HP: 29/91 [catoblepas (6)]
 19376 | Lair:3   | HP: 29/91 [poisoned by a cane toad]
 19381 | Lair:3   | HP: 25/91 [poisoned by a cane toad]
 19676 | Lair:3   | Killed a catoblepas
 19968 | Lair:3   | Found a staircase to the Swamp.
 20288 | Lair:3   | Reached skill level 10 in Shields
 20867 | Lair:4   | Reached XP level 13. HP: 95/96 MP: 22/31
 21192 | Lair:4   | Learned a level 4 spell: Iskenderun's Mystic Blast
 21545 | Lair:4   | Gained mutation: You cannot be stealthy. [Ru sacrifice]
 21545 | Lair:4   | Reached **** piety under Ru
 22111 | Lair:4   | Reached skill level 15 in Spellcasting
 22409 | Lair:4   | Identified the +9 arbalest of Righteous Fury {freeze,
                  | Str+2}
 23189 | Lair:4   | HP: 26/99 [death yak (14)]
 23190 | Lair:4   | HP: 5/99 [death yak (20)]
 23195 | Lair:4   | HP: 21/94 [poisoned by a black mamba]
 23513 | Lair:4   | Reached skill level 5 in Fighting
 23975 | Lair:5   | Learned a level 3 spell: Ozocubu's Armour
 23983 | Lair:5   | Learned a level 7 spell: Ozocubu's Refrigeration
 24010 | Lair:5   | HP: 19/100 [fire crab] (20)]
 24552 | Lair:5   | Reached skill level 1 in Ice Magic
 26180 | Lair:6   | Entered Level 6 of the Lair of Beasts
 27032 | Lair:6   | Gained mutation: You are clumsy. (Dex -2) [Ru sacrifice]
 27216 | Lair:5   | Reached skill level 5 in Ice Magic
 27839 | Lair:6   | Reached XP level 14. HP: 111/111 MP: 31/33
 27925 | Lair:6   | Found a staircase to the Slime Pits.
 28492 | Lair:6   | HP: 37/113 [black mamba (7)]
 28497 | Lair:5   | HP: 27/113 [black mamba (4)]
 29079 | Orc:1    | Entered Level 1 of the Orcish Mines
 29765 | Orc:2    | Entered Level 2 of the Orcish Mines
 31215 | Orc:2    | Found Cympa's Jewellery Shoppe.
 31216 | Orc:2    | Found Jiun's Jewellery Boutique.
 31247 | Orc:2    | Gained mutation: You have somewhat slow reflexes. (EV -5)
                  | [Ru sacrifice]
 31247 | Orc:2    | Reached ***** piety under Ru
 31750 | Orc:2    | Found Kaewab's Assorted Antiques.
 31751 | Orc:2    | Found Paercho's Jewellery Shoppe.
 32305 | Orc:2    | Bought a scroll of teleportation for 72 gold pieces
 32364 | Orc:2    | Found a staircase to the Elven Halls.
 32407 | Orc:2    | Bought the ring of Birdsong {Fly rF+ rC++ Int+3} for 884
                  | gold pieces
 32552 | Orc:2    | Bought the amulet "Dimochupp" {Reflect Rampage rC+ SH+5}
                  | for 484 gold pieces
 33471 | D:2      | Bought a warped trident for 246 gold pieces
 33471 | D:2      | Identified the +10 trident of Success {flame, Str+5} (You
                  | bought it in a shop on level 2 of the Dungeon)
 35142 | Lair:5   | HP: 29/115 [death yak (17)]
 36031 | Lair:6   | Reached skill level 10 in Ice Magic
 36097 | Lair:6   | Identified the amulet of Cuawylud {Spirit Str+3}
 37097 | D:11     | Noticed Sonja
 37105 | D:11     | Noticed Sonja
 37105 | D:11     | Sonja changed into Sonja the naga
 37107 | D:11     | Noticed Sonja
 37107 | D:11     | Sonja the naga changed into Sonja the bullfrog
 37111 | D:11     | Killed Sonja the bullfrog
 38283 | D:11     | HP: 35/115 [boulder beetle (47)]
 38290 | D:11     | HP: 34/115 [boulder beetle (3)]
 38993 | D:12     | Reached XP level 15. HP: 121/121 MP: 27/34
 39214 | D:13     | Learned a level 3 spell: Frozen Ramparts
 39643 | D:13     | Found Ihuoxt's Antique Armour Shoppe.
 40029 | D:2      | Bought a crystal hand crossbow for 246 gold pieces
 40029 | D:2      | Identified the +8 hand crossbow of Fephoest {elec, rN++
                  | Int+3 Stlth+} (You bought it in a shop on level 2 of the
                  | Dungeon)
 41518 | D:13     | Found a gate to the Vaults.
 42014 | D:14     | Found Bakki's Assorted Antiques.
 42961 | D:14     | HP: 27/121 [rakshasa/lance of force (17)]
 42995 | D:14     | HP: 24/115 [boulder beetle (47)]
 43440 | Swamp:1  | Entered Level 1 of the Swamp
 43705 | Swamp:1  | HP: 30/110 [tyrant leech[a spriggan druid] (16)]
 44103 | Lair:3   | Identified the +7 rapier "Veohar" {vorpal, MP+9 Dex+4}
 44397 | Swamp:1  | HP: 33/112 [bunyip (13)]
 44406 | Lair:3   | HP: 20/111 [bunyip (14)]
 44707 | Spider:1 | Entered Level 1 of the Spider Nest
 44723 | Lair:3   | HP: 32/114 [wolf spider (10)]
 45347 | Lair:3   | HP: 38/118 [something (17)]
 45353 | Lair:3   | HP: 12/119 [something (12)]
 45353 | Lair:3   | Slain by a ghost moth

Illustrated notes

Levels and vault maps discovered:
D:1:      evilmike_arrival_plus, layout_basic
D:2:      layout_basic, basic_altar, serial_shops, nicolae_shop_stone,
          basic_ecumenical_altar, nicolae_elevator_lobby_plus
D:3:      layout_loops_ring, chequers_serial_rivers_micro_a, st_stairs_2,
          hangedman_decor_points
D:4:      layout_cave_pools
D:5:      layout_basic
D:6:      layout_loops_ring, minmay_temple_entry_overgrown, minivault_10,
          uniq_duvessa
D:7:      layout_basic, uniq_maggie, uniq_prince_ribbit1
D:8:      layout_rooms, fedhas_altar_3, lair_entry_dummy, minmay_between,
          uniq_erica
D:9:      layout_irregular_city, uniq_gastronok
D:10:     layout_cave_pods, zombieorc2_lemuel
D:11:     layout_cave_pools, yredelemnul_forgotten_temple_becter, uniq_sonja
D:12:     layout_basic, minivault_16, serial_bayou_ford_a,
          statue_in_the_mist_lemuel, hangedman_decor_lopped
D:13:     layout_gridville, erik_vaults_1, serial_shops, nicolae_lakefront_shop,
          st_stairs_8
D:14:     minmay_connected_boxes_in_corner, layout_long_grid,
          chequers_serial_rivers_micro_d, serial_shops, shop, uniq_roxanne
Temple:   mainiacjoe_temple_trianglar_array
Lair:1:   layout_small_grid, uniq_grum
Lair:2:   layout_misc_corridors, nzn_masters_of_martial_movement,
          serial_bayou_shore_a, infiniplex_staircase_pool_2
Lair:3:   layout_layer_cave, swamp_mist, dummy_spider_entry,
          minmay_shattered_shrine, grunt_megastairs_3
Lair:4:   layout_small_grid, beast_lair_carwin_6, lemuel_fruit_tree,
          grunt_megastairs_2, serial_bayou_shore_b
Lair:5:   layout_cave_pods, gammafunk_lair_bear_cave
Lair:6:   evilmike_catoblepas_cave, layout_regular_city, slime_altar_1,
          gauntlet_entry_generic, st_stairs_5, grunt_megastairs_4
Swamp:1:  layout_basic_swamp, evilmike_swamp_ruin_house_4
Spider:1: layout_spider_delve
Orc:1:    layout_caves, david_defended_altar_orc
Orc:2:    st_orc_town, layout_caves

Skill      XL: |  1  2  3  4  5  6  7  8  9 10 11 12 13 14 15 |
---------------+----------------------------------------------+-----
Conjurations   | 5 6 7 8 9 10 11 12 | 12.9
Spellcasting   | 3 5 6 7 9 11 12 14 15 | 15.3
Hexes          | 2 |  2.6
Fire Magic     | 1 4 5 |  5.6
Fighting       | 3 4 6 8 |  8.0
Shields        | 4 7 10 11 13 14 | 14.1
Evocations     | 4 |  4.0
Stealth        | 0 |  0.0
Ice Magic      | 5 10 12 | 12.6
Dodging        | |  1.7

Action                   |  1- 3 |  4- 6 |  7- 9 | 10-12 | 13-15 || total
-------------------------+-------+-------+-------+-------+-------++-------
Melee: Unarmed           |    21 |       |       |       |       ||    21
       Short sword       |    46 |     6 |    25 |    26 |       ||   103
       Tailslap          |     4 |     1 |     2 |     8 |     5 ||    20
       Trident           |       |       |       |       |    20 ||    20
 Fire: Hand crossbow     |       |       |       |       |     5 ||     5
Throw: Dart              |    18 |     4 |     1 |       |       ||    23
 Cast: Magic Dart        |    39 |    27 |    78 |   144 |    17 ||   305
       Searing Ray       |     9 |    14 |    45 |   100 |   190 ||   358
       Flame Wave        |       |       |     9 |    79 |   142 ||   230
       Fulminant Prism   |       |       |       |    35 |   106 ||   141
       Iskenderun's Myst |       |       |       |       |   122 ||   122
       Ozocubu's Armour  |       |       |       |       |    25 ||    25
       Frozen Ramparts   |       |       |       |       |    19 ||    19
Invok: Sacrifice Love    |       |       |     1 |       |       ||     1
       Sacrifice an Eye  |       |       |       |     1 |       ||     1
       Sacrifice Arcana  |       |       |       |     1 |       ||     1
       Power Leap        |       |       |       |       |     7 ||     7
       Draw Out Power    |       |       |       |       |     3 ||     3
       Sacrifice Purity  |       |       |       |       |     1 ||     1
       Sacrifice Stealth |       |       |       |       |     1 ||     1
       Sacrifice Health  |       |       |       |       |     1 ||     1
       Reject Sacrifices |       |       |       |       |     1 ||     1
       Apocalypse        |       |       |       |       |     1 ||     1
 Abil: Breathe Dispellin |       |       |     3 |     1 |       ||     4
Evoke: Wand              |       |       |       |     6 |     6 ||    12
       Tin of tremorston |       |       |       |       |     1 ||     1
  Use: Scroll            |       |     7 |     3 |    12 |     2 ||    24
       Potion            |       |       |     1 |     2 |     6 ||     9
 Stab: Sleeping          |     4 |       |       |       |       ||     4
       Distracted        |       |       |       |     1 |       ||     1
       Paralysed         |       |       |       |     9 |    11 ||    20
Armor: Skin              |    42 |     5 |    30 |   113 |   275 ||   465
Dodge: Dodged            |    71 |    20 |    77 |   165 |   292 ||   625
Block: Kite shield       |       |       |       |   144 |   561 ||   705
       Reflection        |       |       |       |       |    42 ||    42
